 Dungeon Crawl Stone Soup version 0.29.0-4-gdea44cf6ec (webtiles) character file.

Game seed: 12510030686173675129

21 qw the Chopper (level 2, -1/17 HPs)
             Began as a Tengu Warper on Aug 28, 2022.
             Succumbed to their own poison gas
             ... on level 1 of the Dungeon.
             The game lasted 00:00:04 (916 turns).

qw the Chopper (Tengu Warper)                        Turns: 916, Time: 00:00:05

Health: -1/17      AC:  3    Str: 11    XL:     2   Next: 83%
Magic:  6/6        EV: 11    Int: 13    God:
Gold:   57         SH:  0    Dex: 13    Spells: 5/5 levels left

rFire   . . .      SeeInvis .   Y - +0 hand axe
rCold   . . .      Faith    .   (no shield)
rNeg    . . .      Spirit   .   b - +0 leather armour
rPois   .          Reflect  .   (helmet restricted)
rElec   .          Harm     .   (no cloak)
rCorr   .          Rampage  .   (no gloves)
Will    .....                   (boots unavailable)
Stlth   +.........              (no amulet)
HPRegen 0.05/turn               (no ring)
MPRegen 0.10/turn               (no ring)

@: lethally poisoned (-1 -> -8)
A: beak, talons 3
a: no special abilities


You were on level 1 of the Dungeon.
You visited 1 branch of the dungeon, and saw 1 of its levels.

You collected 57 gold pieces.


Innate Abilities, Weirdness & Mutations

You have a beak for a mouth.
You have claws for feet.


   Skills:
 - Level 2.0 Fighting
 + Level 3.6 Axes
 - Level 1.0 Throwing
 - Level 1.1 Armour
 - Level 2.1 Dodging
 - Level 2.0 Spellcasting
 - Level 2.4 Translocations


You had 5 spell levels left.
You didn't know any spells.
Your spell library contained the following spells:

 Spells                   Type           Power      Damage    Failure   Level
 Blink                    Tloc           14%        N/A       19%         2
 Gell's Gravitas          Tloc           7%         N/A       36%         3
 Lesser Beckoning         Tloc           7%         N/A       36%         3
 Teleport Other           Tloc           7%         N/A       36%         3
 Manifold Assault         Tloc           7%         N/A       98%         5

Inventory:

Hand Weapons
 f - a +0 mace
 Y - a +0 hand axe (weapon)
Armour
 b - a +0 leather armour (worn)
Potions
 e - a potion of lignification {unknown}
 g - a potion of might {unknown}

Dungeon Overview and Level Annotations

Branches:
Dungeon (1/15)

Altars:


Message History

Found a scroll of blinking.
Done exploring.
Done exploring.
908 ||| READING 2 scrolls labelled WOUROPNULI.
The air fills with toxic fumes!
As you read the scroll labelled WOUROPNULI, it crumbles to dust.
It was a scroll of poison.
Done exploring.
909 ||| READING scroll labelled LICOAM UNADDA.
As you read the scroll labelled LICOAM UNADDA, it crumbles to dust.
It is a scroll of identify.
Really abort (and waste the scroll)?
Done exploring.
910 ||| READING scroll labelled QYTHRI GEZUT.
As you read the scroll labelled QYTHRI GEZUT, it crumbles to dust.
It is a scroll of amnesia.
You feel forgetful for a moment.
Done exploring.
911 ||| DROPPING scroll of poison.
You drop a scroll of poison.
Done exploring.
912 ||| DROPPING scroll of blinking.
You drop a scroll of blinking.
Done exploring.
(D) Dungeon
Where to? (* - list waypoints, ? - help)
What level of the Dungeon? (default 1, ? - help) Sorry, I don't know how to get there.
Done exploring.
913 ||| Stepping randomly (stuck).
Really walk into that cloud of poison gas?
You are engulfed in poison gas.
You are poisoned.
Ouch! That really hurt!
You feel very sick.
914 ||| Stepping ~*~*~tactically~*~*~ (cloud).
You feel very sick.
Things that are here:
a scroll of blinking; a scroll of poison
There is a lethal amount of poison in your body!
You feel sick.
There is a lethal amount of poison in your body!
You die...

##.#....# 77.77...# #...# #
...#....# 7..7.#.# ##..### #
#####...# 77.77##¤# ####...###
#####...#####7P.77.¤¤###.........
.............7?..70¤..##.....#..#
.............77.770..........##.#
..............#.0¤.....#.........
........#.###.##¤#########.......
###.#...#.# #.##@#...# #.......
#.#...#.# #0¤¤0#...### #..<....
#.#...#.# ####0#.>.'>###.>.....
###.#...#.# #..¤#...##>.#'######
..........# #.#¤########..###...
##...>...## #.#¤#######'##.##...
...##..#.# #.#0¤.......###>#...
.......#.# #.#¤¤.......# ##'...
......##.# #.#...(.....#####...


There were no monsters in sight!

Vanquished Creatures
  2 ball pythons (D:1)
  5 endoplasms (D:1)
  A giant cockroach (D:1)
  A goblin (D:1)
  3 hobgoblins (D:1)
  4 bats (D:1)
  A rat (D:1)
17 creatures vanquished.

Notes
Turn   | Place    | Note
-------+----------+-------------------------------------------
     0 | D:1      | qw the Tengu Warper began the quest for the Orb.
     0 | D:1      | Reached XP level 1. HP: 12/12 MP: 4/4
     0 | D:1      | 0 ||| qw: Version: 0.1-a-89-g26bdef1
     0 | D:1      | 0 ||| qw: Game counter: 1818
     0 | D:1      | 0 ||| qw: Always use a shield: true
     0 | D:1      | 0 ||| qw: God list: Okawaru
     0 | D:1      | 0 ||| qw: Allow faded altars: false
     0 | D:1      | 0 ||| qw: Do Orc after D:15 true
     0 | D:1      | 0 ||| qw: Do second Lair branch before Depths: true
     0 | D:1      | 0 ||| qw: Lair rune preference: random
     0 | D:1      | 0 ||| qw: Plans: Normal
     0 | D:1      | 0 ||| PLANNING D:1-11
   243 | D:1      | 243 ||| Stepping ~*~*~tactically~*~*~ (stealth).
   246 | D:1      | 246 ||| Stepping ~*~*~tactically~*~*~ (stealth).
   254 | D:1      | Reached XP level 2. HP: 17/17 MP: 6/6
   287 | D:1      | Reached skill level 3 in Axes
   908 | D:1      | 908 ||| READING 2 scrolls labelled WOUROPNULI.
   909 | D:1      | 909 ||| READING scroll labelled LICOAM UNADDA.
   910 | D:1      | 910 ||| READING scroll labelled QYTHRI GEZUT.
   911 | D:1      | 911 ||| DROPPING scroll of poison.
   912 | D:1      | 912 ||| DROPPING scroll of blinking.
   913 | D:1      | 913 ||| Stepping randomly (stuck).
   914 | D:1      | 914 ||| Stepping ~*~*~tactically~*~*~ (cloud).
   914 | D:1      | HP: 2/17 [poisoned by you (poison gas)]
   916 | D:1      | Succumbed to their own poison gas

Levels and vault maps discovered:
D:1:      dpeg_arrival_connections, layout_loops_cross, serial_forest,
          infiniplex_forest_end_3, infiniplex_forest_lined_1,
          infiniplex_forest_clump_C, infiniplex_forest_end_1,
          infiniplex_forest_straight_1, infiniplex_forest_straight_5,
          infiniplex_forest_diagonal, infiniplex_forest_lined_3

Skill      XL: |  1  2 |
---------------+-------+-----
Axes           | 3 |  3.6
Fighting       | |  2.0
Throwing       | |  1.0
Armour         | |  1.1
Dodging        | |  2.1
Spellcasting   | |  2.0
Translocations | |  2.4

Action                   || total
-------------------------++-------
Melee: Hand axe          ||    31
       Kick              ||     5
       Peck              ||     4
Throw: Boomerang         ||     7
  Use: Scroll            ||     3
Armor: Leather armour    ||     8
Dodge: Dodged            ||    14

Table legend:
 A = Non-vault XP
 B = Vault XP
 C = Vault XP percentage of total XP
 D = Non-vault monster count
 E = Vault monster count
 F = Vault count percentage of total count
                 A         B        C        D         E       F
            +---------+---------+-------+---------+---------+-------
      Total |      30 |       0 |   0.0 |      17 |       0 |   0.0
            +---------+---------+-------+---------+---------+-------
        D:1 |      30 |       0 |   0.0 |      17 |       0 |   0.0
            +---------+---------+-------+---------+---------+-------
